AoeStats
← illus

Oasis

510028286Analyzed
3v3 RM · 2d ago on Sep 29, 2026· 48m 50s· 6 players
Game mode
Random Map
Map size
Normal (6 player)
Population
200
Speed
Normal
Resources
Standard
Victory
Conquest
Starting age
Dark Age
Ending age
Imperial Age
RankedLock teamsTeams togetherTeam positionsShared explorationLock speedFull tech treeHidden civsTurbo modeCheats
Victory
Defeat
🇨🇦 Wei · Canada
1192
+16
🇵🇦 Italians · Panama
1167
+17
🇵🇦 Magyars · Panama
1140
+18
🇨🇳 Persians · China
1245
-19
🇪🇨 Goths · Ecuador
1161
-16
🇵🇪 Saracens · Peru
1158
-16
AdamSvp21
10:34 Feudal Age
12:33 Loom
15:10 Castle Age
14:22 Double-Bit Axe
15:20 Horse Collar
24:55 Wheelbarrow
24:32 Town Watch
24:58 Fletching
30:15 Imperial Age
27:51 Gold Mining
28:18 Fletching
29:33 Bow Saw
29:51 Bodkin Arrow
30:34 Crossbowman
31:16 Bracer
32:20 Conscription
32:01 Padded Archer Armor
32:52 Ballistics
33:32 Chemistry
33:35 Fortified Wall
35:29 Hoardings
35:11 Leather Archer Armor
34:20 Arbalester
36:12 Thumb Ring
36:04 Murder Holes
39:11 Ring Archer Armor
40:24 Masonry
SolraC
0:31 Loom
13:07 Feudal Age
14:34 Horse Collar
14:40 Double-Bit Axe
20:07 Castle Age
19:51 Scale Mail Armor
20:18 Pikeman
21:00 Squires
21:39 Chain Mail Armor
23:28 Man-at-Arms
26:14 Anarchy
31:55 Forging
36:43 Imperial Age
36:37 Wheelbarrow
38:03 Bow Saw
37:39 Horse Collar
37:52 Gold Mining
39:04 Elite Huskarl
40:40 Iron Casting
40:38 Heavy Plow
42:46 Blast Furnace
42:37 Perfusion
46:17 Halberdier
illus
6:51 Loom
9:13 Feudal Age
9:42 Double-Bit Axe
10:07 Horse Collar
13:55 Gold Mining
17:07 Castle Age
18:03 Bow Saw
17:54 Heavy Plow
19:31 Wheelbarrow
19:41 Stone Mining
24:14 Gold Mining
25:40 Hand Cart
25:15 Town Watch
26:51 Husbandry
31:51 Imperial Age
30:20 Bloodlines
31:04 Gold Shaft Mining
31:06 Stone Shaft Mining
31:29 Cavalier
32:32 Conscription
32:19 Scale Barding Armor
32:25 Forging
33:22 Chain Barding Armor
32:47 Savar
35:01 Town Patrol
36:29 Plate Barding Armor
36:30 Iron Casting
38:18 Ballistics
38:59 Chemistry
39:25 Blast Furnace
42:15 Masonry
42:01 Murder Holes
44:10 Light Cavalry
Chitreano
6:46 Loom
9:53 Feudal Age
20:19 Castle Age
18:37 Arson
20:02 Horse Collar
20:15 Double-Bit Axe
23:58 Husbandry
26:25 Scale Barding Armor
28:15 Wheelbarrow
28:00 Bloodlines
28:19 Heavy Plow
29:28 Town Watch
31:02 Hand Cart
31:14 Fletching
31:25 Padded Archer Armor
31:55 Ballistics
33:55 Stone Mining
34:11 Murder Holes
34:30 Masonry
34:57 Town Patrol
38:18 Imperial Age
37:49 Treadmill Crane
40:33 Bodkin Arrow
40:54 Leather Archer Armor
42:20 Parthian Tactics
48:50 Chemistry
49:19 Thumb Ring
OnlyFarms
8:04 Loom
10:07 Feudal Age
11:32 Double-Bit Axe
17:30 Castle Age
17:01 Stone Mining
17:17 Fletching
27:37 Ballistics
28:18 Bodkin Arrow
33:51 Imperial Age
32:01 Wheelbarrow
35:34 Horse Collar
36:36 Bracer
38:46 Chemistry
38:32 Padded Archer Armor
40:56 Forging
40:47 Scale Mail Armor
43:09 Arson
43:25 Squires
44:12 Chain Mail Armor
44:40 Iron Casting
46:01 Plate Mail Armor
47:58 Elite Genoese Crossbowman
TrueDisplay
12:21 Feudal Age
13:11 Stone Mining
15:50 Castle Age
13:44 Double-Bit Axe
14:03 Horse Collar
14:31 Gold Mining
17:27 Bow Saw
18:14 Scale Barding Armor
18:19 Forging
19:59 Chain Barding Armor
24:06 Bow Saw
23:58 Heavy Plow
24:35 Gold Shaft Mining
24:37 Stone Shaft Mining
32:00 Imperial Age
30:46 Iron Casting
33:13 Wheelbarrow
32:13 Elite Tiger Cavalry
34:04 Blast Furnace
33:34 Ming Guang Armor
34:18 Hand Cart
33:56 Loom
36:39 Conscription
37:29 Crop Rotation
45:18 Hoardings
45:03 Town Watch
Connection lost

Rejoining the realm…

Still unreachable

The connection could not be restored.

Session expired

The server has moved on; the page needs a fresh start.